Map: Bel'Shir Vestige LE (Void)

Players

gaston

  • Race: Zerg Zerg
  • League: Platinum
  • Spawn Location: 11:00

Loken - Winner!

  • Race: Protoss Protoss
  • Spawn Location: 5:00

VOD

Have the link to the VOD?

Description

Time

  • Played on: March 13, 2017, 5:11 p.m.
  • Length: 10:03
Show
View Real Time Build Order
Export as new Build Order

gaston Zerg 

Build Orders: Pool First 

Get SALT Encoding   

  12  0:09  Overlord  
  12  0:12  Drone  
  13  0:17  Drone  
  14  0:28  Drone  
  14  0:31  Drone  
  16  0:42  Drone  
  17  0:45  Extractor  
  16  0:55  Spawning Pool, Drone  
  16  1:03  Drone  
  17  1:36  Drone  
  17  1:37  Drone  
  19  1:46  Roach Warren  
  18  1:49  Queen  
  18  1:51  Hatchery  
  19  2:01  Spine Crawler  
  18  2:13  Drone x2  
  20  2:17  Overlord  
  20  2:30  Queen  
  22  3:01  Roach x2  
  22  3:02  Roach x2  
  22  3:03  Overlord  
  30  3:07  Drone  
  31  3:14  Queen  
  33  3:37  Drone  
  33  3:38  Drone x2  
  36  3:41  Spine Crawler  
  35  3:53  Queen  
  35  3:54  Spore Crawler  
  36  4:02  Spine Crawler x2  
  34  4:15  Lair  
  34  4:16  Roach x2  
  38  4:48  Drone  
  38  4:49  Drone x2  
  41  5:09  Spine Crawler  
  40  5:16  Roach x2  
  44  5:25  Overlord x2  
  44  5:53  Roach x3  
  44  5:54  Roach x2  
  54  6:09  Glial Reconstitution  
  54  6:10  Overseer  
  54  6:36  Roach x3  
  60  6:44  Overlord  
  60  6:48  Overlord  
  60  6:49  Overlord  
  42  7:16  Roach x3  
  48  7:43  Overseer x2  
  46  7:48  Roach x2  
  46  7:49  Roach  
  52  7:54  Roach x4  
  52  7:55  Roach x3  
  16  8:54  Roach x2  
  20  9:18  Spawning Pool  
  13  9:34  Drone x3  
Show
View Real Time Build Order
Export as new Build Order

Loken Protoss - Winner!

Build Orders:  

Get SALT Encoding   

  12  0:01  Probe (Chrono Boost)  
  13  0:12  Probe (Chrono Boost)  
  14  0:19  Pylon  
  14  0:23  Probe (Chrono Boost)  
  15  0:37  Probe (Chrono Boost)  
  15  0:42  Forge  
  16  0:55  Pylon  
  16  1:03  Probe (Chrono Boost)  
  17  1:13  Probe (Chrono Boost)  
  17  1:17  Photon Cannon x2  
  18  1:33  Probe (Chrono Boost)  
  18  1:38  Gateway  
  19  1:43  Assimilator, Probe (Chrono Boost)  
  21  1:54  Probe (Chrono Boost)  
  21  1:56  Pylon  
  21  2:05  Probe (Chrono Boost)  
  22  2:15  Probe (Chrono Boost)  
  23  2:26  Assimilator  
  23  2:32  Cybernetics Core  
  23  2:33  Pylon  
  23  2:38  Pylon  
  23  2:46  Zealot  
  25  2:53  Probe (Chrono Boost)  
  25  2:56  Warp Gate  
  26  3:05  Pylon  
  26  3:11  Mothership Core (Chrono Boost)  
  28  3:15  Stalker  
  30  3:49  Twilight Council  
  30  3:54  Zealot  
  32  4:04  Gateway  
  32  4:06  Gateway  
  32  4:10  Gateway  
  32  4:27  Stalker  
  34  4:41  Photon Cannon  
  34  4:45  Photon Cannon  
  32  5:11  Dark Shrine  
  32  5:25  Stalker x2  
  32  5:26  Stalker  
  38  5:32  Pylon  
  38  5:33  Pylon  
  38  5:51  Stalker  
  38  5:52  Stalker x2  
  44  6:07  Cybernetics Core  
  44  6:12  Gateway  
  44  6:20  Zealot x3  
  50  6:41  Dark Templar  
  50  6:42  Dark Templar  
  54  6:51  Pylon  
  54  6:54  Pylon  
  54  6:56  Pylon  
  54  6:58  Pylon  
  40  7:24  Dark Templar x3  
  44  7:47  Dark Templar  
  46  8:18  Stalker x2  
  46  8:20  Stalker  
  39  8:45  Zealot x3  
  39  8:46  Zealot  
  49  8:55  Mothership Core (Chrono Boost)  
  38  9:33  Dark Templar x3  
Tags
 
Add a new tag
Caveats
  • Supply blocks, unpowered buildings, or Contaminate may cause inaccurate times.
  • Supply counts are checked every 10 seconds.